 Dungeon Crawl Stone Soup version 0.24.0-1-gfbc8707 (webtiles) character file.

Game seed: 12524234332619771915, levelgen mode: deterministic

6290 Buxparty the Cleaver (level 10, -2/80 HPs)
             Began as a Deep Dwarf Hunter on Dec 27, 2019.
             Was a Follower of Makhleb.
             Slain by a death yak (20 damage)
             ... on level 9 of the Dungeon.
             The game lasted 00:28:53 (6525 turns).

Buxparty the Cleaver (Deep Dwarf Hunter)            Turns: 6525, Time: 00:28:54

Health: -2/80      AC: 12    Str: 15    XL:     10   Next: 63%
Magic:  1/1        EV: 16    Int: 13    God:    Makhleb [*.....]
Gold:   116        SH:  0    Dex: 16    Spells: 9/9 levels left

rFire    . . .     SeeInvis .   m - +5 war axe
rCold    . . .     Gourm    .   (no shield)
rNeg     + . .     Faith    .   t - +2 robe {rN+}
rPois    .         Spirit   .   z - +0 helmet
rElec    .         Reflect  .   (no cloak)
rCorr    .         Harm     .   (no gloves)
MR       +....                  (no boots)
Stlth    ++++......             H - amulet of the acrobat
HPRegen  0.00/turn              y - +3 ring of protection
MPRegen  0.07/turn              o - +4 ring of protection

@: non-regenerating
A: damage resistance, heal wounds, camouflage 1, high mp 1, sense surroundings
2, wild magic 1, no regeneration
a: Heal Wounds, Renounce Religion


You were on level 9 of the Dungeon.
You worshipped Makhleb.
Makhleb was aware of your devotion.
You were not hungry.

You visited 2 branches of the dungeon, and saw 10 of its levels.

You collected 500 gold pieces.
You spent 384 gold pieces at shops.

Inventory:

Hand Weapons
 a - a +1 hand crossbow
 l - a +2 dagger of draining
 m - a +5 war axe (weapon)
 q - a +2 short sword of venom
 w - a +4 long sword
 G - a +0 long sword of holy wrath
Missiles
 d - 32 bolts
Armour
 c - a +0 leather armour
 t - a +2 robe of positive energy (worn)
 z - a +0 helmet (worn)
 A - a +3 leather armour of magic resistance
Jewellery
 b - an uncursed ring of wizardry
 i - an uncursed ring of protection from cold
 n - an uncursed ring of resist corrosion
 o - a +4 ring of protection (right hand)
 y - a +3 ring of protection (left hand)
 B - an uncursed ring of ice
 H - an amulet of the acrobat (around neck)
Wands
 r - a wand of flame (33)
Scrolls
 e - 5 scrolls of teleportation
 g - 2 scrolls of immolation
 j - 6 scrolls of identify
 p - 4 scrolls of remove curse
 s - 2 scrolls of blinking
 C - 2 scrolls of amnesia {unknown}
 D - a scroll of torment {unknown}
Potions
 h - 3 potions of lignification
 k - 2 potions of flight
 u - a potion of heal wounds
 v - a potion of invisibility {unknown}
 x - a potion of magic {unknown}
 E - a potion of berserk rage
 F - a potion of curing
 I - a potion of might {unknown}
Comestibles
 f - 16 rations


   Skills:
 - Level 2.0 Fighting
 + Level 1.7 Short Blades
 * Level 14.5 Axes
 + Level 5.3 Crossbows
 - Level 1.9 Armour
 + Level 6.4 Dodging
 + Level 5.1 Stealth


You had 9 spell levels left.
You didn't know any spells.
Your spell library contained the following spells:

 Spells                   Type           Power        Failure   Level  Hunger
 Corona                   Hex            #......      38%         1    ##.....
 Magic Dart               Conj           #...         38%         1    ##.....
 Sting                    Conj/Pois      #...         38%         1    ##.....
 Blink                    Tloc           N/A          52%         2    ###....
 Call Imp                 Summ           #.......     52%         2    ###....
 Poisonous Vapours        Pois/Air       #.....       52%         2    ###....
 Slow                     Hex            #.......     52%         2    ###....
 Conjure Flame            Conj/Fire      #.......     75%         3    ####...
 Inner Flame              Hex/Fire       #.......     75%         3    ####...
 Mephitic Cloud           Conj/Pois/Air  #.......     75%         3    ####...
 Portal Projectile        Hex/Tloc       #.....       75%         3    ####...
 Recall                   Summ/Tloc      N/A          75%         3    ####...
 Teleport Other           Tloc           #.......     75%         3    ####...
 Cause Fear               Hex            #.........   98%         4    #####..
 Leda's Liquefaction      Hex/Erth       #.........   98%         4    #####..
 Olgreb's Toxic Radiance  Pois           #.......     98%         4    #####..
 Venom Bolt               Conj/Pois      #.........   100%        5    ######.
 Dispersal                Tloc           #.........   100%        6    #######


Dungeon Overview and Level Annotations

Branches:
Dungeon (9/15)             Temple (1/1) D:6            Lair (0/6) D:9
    Orc: D:9-12

Altars:
Ashenzari
Cheibriados
Dithmenos
Elyvilon
Fedhas
Gozag
Hepliaklqana
Kikubaaqudgha
Makhleb
Nemelex Xobeh
Okawaru
Qazlal
Ru
Sif Muna
Trog
Uskayaw
Vehumet
Wu Jian
Xom
Yredelemnul
Zin
The Shining One

Shops:
D:7 [   D:9 %


Innate Abilities, Weirdness & Mutations

You are resistant to damage.
You can heal yourself by infusing magical energy.
You passively map the area around you.
You do not regenerate.
Your skin changes colour to match your surroundings (Stealth+).
You have an increased reservoir of magic. (+10% MP)
Your spells are a little harder to cast, but a little more powerful.


Message History

You hit the death yak. The death yak gores you.
You are too injured to fight recklessly!
You are too injured to fight recklessly!
You are too injured to fight recklessly!
You feel much better. The death yak closely misses you.
The death yak gores you!!
You hit the death yak.
The death yak is heavily wounded.
You completely miss the death yak. The death yak closely misses you.
The death yak gores you!
You are too injured to fight recklessly!
You fail to use your ability.
The death yak gores you!
* * * LOW HITPOINT WARNING * * *
The death yak gores you!
* * * LOW HITPOINT WARNING * * *
Your magical essence is drained by the effort!
You feel much better. The death yak gores you!!
* * * LOW HITPOINT WARNING * * *
The death yak gores you!!
You die...

...........#.........).# *
...........#.......###.## ,
........................##*
.....#.....#..............
#.########.........###.#.#
,, #.# ##........# * #, , *
#.# ##.......###.##* , **
#.............#
#####@#####...## * **
#YY#### ,..## ##YYHo##.#...
, #######lo...... ** ,
***##....YT.o(%###.,* * , *
......YY....(# * * * * *
......Too....... * ,, ,
........oo....## ,, * * ,
......#....##.#


You could see 2 death yaks, a hippogriff, 2 yaks, an orc priest, an orc and a
leopard gecko.

Vanquished Creatures
  Harold (D:8)
  A two-headed ogre (D:9)
  A death yak (D:9)
  Pikel (D:5)
  A hippogriff (D:9)
  A wyvern (D:8)
  5 yaks (D:9)
  2 hungry ghosts
  2 slaves (D:5)
  An ice beast (D:5)
  A phantom (D:5)
  A necrophage (D:9)
  3 orc warriors
  2 ogres
  2 sky beasts
  2 centaurs
  2 bullfrogs (D:6)
  A water moccasin zombie (D:8)
  A wyvern skeleton (D:9)
  4 scorpions
  2 howler monkeys (D:7)
  A crimson imp (D:5)
  A bullfrog zombie (D:6)
  A jelly (D:6)
  5 hounds
  3 bullfrog skeletons
  3 orc priests
  6 orc wizards
  2 centaur skeletons
  4 worker ants
  2 hound zombies
  A hound skeleton (D:4)
  4 gnolls (D:6)
  8 adders
  3 shadow imps
  3 oozes
  An adder zombie (D:5)
  An adder skeleton (D:7)
  5 dart slugs
  3 leopard geckos
  27 orcs
  A ball python (D:1)
  9 giant cockroaches
  8 goblins
  6 hobgoblins
  10 jackals
  5 quokkas
  6 bats
  5 frilled lizards
  5 kobolds
  4 rats
180 creatures vanquished.

Notes
Turn   | Place    | Note
-------+----------+-------------------------------------------
     0 | D:1      | Buxparty the Deep Dwarf Hunter began the quest for the Orb.
     0 | D:1      | Reached XP level 1. HP: 19/19 MP: 1/1
   101 | D:1      | Reached XP level 2. HP: 17/26 MP: 2/2
   362 | D:1      | Reached skill level 1 in Armour
   369 | D:1      | Reached XP level 3. HP: 29/32 MP: 2/2
   552 | D:1      | Reached skill level 1 in Short Blades
  1359 | D:2      | Reached XP level 4. HP: 27/39 MP: 3/3
  1955 | D:3      | Reached skill level 1 in Axes
  2064 | D:3      | Found a sacrificial altar of Ru.
  2124 | D:3      | Reached skill level 2 in Axes
  2124 | D:3      | Reached XP level 5. HP: 34/45 MP: 3/3
  2159 | D:4      | Reached skill level 3 in Axes
  2255 | D:4      | Reached XP level 6. HP: 50/52 MP: 4/4
  2268 | D:4      | Reached skill level 4 in Axes
  2405 | D:4      | Found a radiant altar of Vehumet.
  2672 | D:4      | Found a hazy altar of Hepliaklqana.
  2809 | D:5      | Entered Level 5 of the Dungeon
  2813 | D:5      | Reached skill level 5 in Axes
  2974 | D:5      | Reached skill level 6 in Axes
  2974 | D:5      | Reached XP level 7. HP: 57/60 MP: 4/4
  3078 | D:5      | Noticed Pikel
  3098 | D:5      | Killed Pikel
  3098 | D:5      | Reached skill level 8 in Axes
  3098 | D:5      | Reached XP level 8. HP: 29/67 MP: 5/5
  3217 | D:5      | Reached skill level 9 in Axes
  3488 | D:6      | Gained mutation: Your spells are a little harder to cast,
                  | but a little more powerful. [potion of mutation]
  3488 | D:6      | Gained mutation: You have an increased reservoir of magic.
                  | (+10% MP) [potion of mutation]
  3488 | D:6      | Gained mutation: Your skin changes colour to match your
                  | surroundings (Stealth+). [potion of mutation]
  3587 | D:6      | Reached skill level 10 in Axes
  3830 | D:6      | Gained mutation: You passively map the area around you.
                  | [Deep Dwarf growth]
  3830 | D:6      | Reached XP level 9. HP: 51/73 MP: 5/5
  3832 | D:6      | Reached skill level 5 in Dodging
  4036 | D:6      | Found a staircase to the Ecumenical Temple.
  4042 | Temple   | Entered the Ecumenical Temple
  4106 | Temple   | Became a worshipper of Makhleb the Destroyer
  4311 | D:6      | Found a glowing silver altar of Zin.
  4370 | D:7      | Reached skill level 11 in Axes
  4609 | D:7      | Found an iron altar of Okawaru.
  4609 | D:7      | Found a shimmering blue altar of Sif Muna.
  4937 | D:7      | Found a radiant altar of Vehumet.
  5020 | D:7      | Found Biehutut's Armour Boutique.
  5023 | D:7      | Bought a +3 leather armour of magic resistance for 384 gold
                  | pieces
  5181 | D:7      | Reached * piety under Makhleb
  5350 | D:8      | Reached skill level 12 in Axes
  5566 | D:8      | Noticed Harold
  5593 | D:8      | Killed Harold
  5593 | D:8      | Reached skill level 13 in Axes
  5649 | D:8      | Identified Sif Muna's Collected Works on Displaced
                  | Contamination
  5735 | D:8      | Found a shattered altar of Ashenzari.
  6114 | D:9      | Reached XP level 10. HP: 66/80 MP: 6/6
  6126 | D:9      | Reached skill level 5 in Stealth
  6182 | D:9      | Noticed a two-headed ogre
  6225 | D:9      | Killed a two-headed ogre
  6254 | D:9      | Found Mainyezatu's Food Shoppe.
  6269 | D:9      | Reached skill level 14 in Axes
  6366 | D:9      | Reached skill level 5 in Crossbows
  6435 | D:9      | Found a staircase to the Lair.
  6435 | D:9      | Noticed a death yak
  6435 | D:9      | Noticed a death yak
  6436 | D:9      | Noticed a death yak
  6515 | D:9      | Killed a death yak
  6525 | D:9      | Slain by a death yak

Levels and vault maps discovered:
D:1:      eino_arrival_tree_alley, layout_basic, st_stairs_9
D:2:      layout_basic
D:3:      layout_rooms, lemuel_coloured_pillars_altar
D:4:      layout_loops_ring, kennysheep_little_box, first_ration,
          vehumet_altar_wand_db
D:5:      layout_loops_cross, uniq_pikel
D:6:      layout_loops_ring, marbit_many_paths, minmay_temple_entry_nine_rooms,
          grunt_decor_one_mirror
D:7:      layout_loops_corners, amethyst_overflow_temple_binary, serial_shops,
          nicolae_shop_behind_doors, basic_altar
D:8:      layout_basic, cheibrodos_ashenzari_chains, uniq_harold
D:9:      layout_rooms, dpeg_lair_monsters, serial_shops, shop
Temple:   eino_temple_scatter_basement

Skill      XL: |  1  2  3  4  5  6  7  8  9 10 |
---------------+-------------------------------+-----
Armour         | 1 |  1.9
Fighting       | 2 |  2.0
Short Blades   | 1 |  1.7
Dodging        | 3 4 5 6 |  6.4
Axes           | 2 3 6 8 10 13 14 | 14.5
Stealth        | 2 3 4 5 |  5.1
Crossbows      | 5 |  5.3

Action                   |  1- 3 |  4- 6 |  7- 9 | 10-12 || total
-------------------------+-------+-------+-------+-------++-------
Melee: Short sword       |   210 |     1 |       |       ||   211
       War axe           |       |   147 |   289 |    74 ||   510
       Dagger            |       |    14 |       |       ||    14
 Fire: Hand crossbow     |       |       |       |    21 ||    21
 Abil: Heal Wounds       |     2 |     3 |    15 |    16 ||    36
  Use: Potion            |     1 |       |     6 |       ||     7
       Scroll            |       |     4 |     4 |     1 ||     9
 Stab: Sleeping          |     2 |     2 |    11 |       ||    15
  Eat: Ration            |     1 |     1 |     5 |       ||     7
       Chunk             |       |       |     2 |       ||     2
Armor: Leather armour    |    47 |    59 |    41 |       ||   147
       Robe              |       |       |    22 |    19 ||    41
Dodge: Dodged            |   146 |   146 |   159 |    72 ||   523
